 Dungeon Crawl Stone Soup version 0.27.1 (webtiles) character file.

Game seed: 13592916034561947711

19 Malachi the Stinger (level 2, 0/22 HPs)
             Began as a Naga Venom Mage on Aug 21, 2021.
             Slain by an endoplasm (3 damage)
             ... on level 2 of the Dungeon.
             The game lasted 00:02:30 (1091 turns).

Malachi the Stinger (Naga Venom Mage)               Turns: 1091, Time: 00:02:30

Health: 0/22       AC:  1    Str: 10    XL:     2   Next: 75%
Magic:  0/5        EV: 13    Int: 13    God:
Gold:   35         SH:  0    Dex: 11    Spells: 5/6 levels left

rFire    . . .     SeeInvis +   d - +2 short sword (holy)
rCold    . . .     Faith    .   (no shield)
rNeg     . . .     Spirit   .   a - +0 robe
rPois    +         Reflect  .   (no helmet)
rElec    .         Harm     .   (no cloak)
rCorr    .         Rampage  .   (no gloves)
Will     .....                  (no barding)
Stlth    ++........             (no amulet)
HPRegen  0.07/turn              g - +4 ring of evasion
MPRegen  0.09/turn              (no ring)

@: short of breath, flying, very slow
A: AC +0, large, see invisible, deformed body, poison resistance, slowness 2,
spit poison 1, naga tail 1, dopey 1
a: Spit Poison


You were on level 2 of the Dungeon.
You visited 1 branch of the dungeon, and saw 2 of its levels.

You collected 35 gold pieces.

Inventory:

Hand Weapons
 d - a +2 short sword of holy wrath (weapon)
Armour
 a - a +0 robe (worn)
 h - a +0 helmet
Jewellery
 g - a +4 ring of evasion (left hand)
 j - an amulet of guardian spirit
Scrolls
 b - a scroll of blinking {unknown}
 e - a scroll of fear {unknown}
 f - 3 scrolls of identify {unknown}
 i - a scroll of fog {unknown}


   Skills:
 - Level 1.5 Dodging
 - Level 3.0 Stealth
 * Level 2.5 Spellcasting
 - Level 1.0 Transmutations
 * Level 4.6 Poison Magic


You had 5 spell levels left.
You knew the following spells:

 Your Spells              Type           Power      Damage    Failure   Level
a - Sting                 Tmut/Pois      36%        1d4       8%          1

Your spell library contained the following spells:

 Spells                   Type           Power      Damage    Failure   Level
 Poisonous Vapours        Pois/Air       14%        N/A       14%         2
 Olgreb's Toxic Radiance  Pois           13%        N/A       34%         4
 Corpse Rot               Necr/Air       N/A        N/A       36%         2
 Mephitic Cloud           Conj/Pois/Air  5%         N/A       36%         3
 Freezing Cloud           Conj/Ice/Air   0%         6-21      100%        5


Dungeon Overview and Level Annotations

Branches:
Dungeon (2/15)

Altars:

Annotations:
D:2 Sigmund


Innate Abilities, Weirdness & Mutations

Your serpentine skin is tough. (AC +0)
You have supernaturally acute eyesight. (SInv)
Armour fits poorly on your strangely shaped body.
Your system is resistant to poisons. (rPois)
You cover ground very slowly.
You can spit poison.
You have a snake-like lower body.
You are dopey. (Int -2)


Message History

Press: ? - help, Shift-Dir - straight line, f/p - Sigmund
Aim: Sigmund, wielding a +0 scythe and wearing a +0 robe (lightly wounded, poisoned, 64% to hit)
Okay, then.
Press: ? - help, Shift-Dir - straight line, f/p - Sigmund
Aim: Sigmund, wielding a +0 scythe and wearing a +0 robe (lightly wounded, poisoned)
The splash of poison hits Sigmund.
Sigmund looks even sicker.
Sigmund is moderately wounded.
Sigmund misses you.
Unknown command.
Unknown command.
Casting: Sting (safe; 8% risk of failure)
Confirm with . or Enter, or press ? or * to list all spells.
Aiming: Sting (safe; 8% risk of failure)
Press: ? - help, Shift-Dir - straight line, f/p - Sigmund
Aim: Sigmund, wielding a +0 scythe and wearing a +0 robe (moderately wounded, very poisoned, 64% to hit)
The sting hits the frilled lizard.
The frilled lizard is poisoned.
The frilled lizard is heavily wounded.
The frilled lizard bites you.
Unknown command.
Casting: Sting (safe; 8% risk of failure)
Confirm with . or Enter, or press ? or * to list all spells.
Aiming: Sting (safe; 8% risk of failure)
Press: ? - help, Shift-Dir - straight line, f/p - Sigmund
Aim: Sigmund, wielding a +0 scythe and wearing a +0 robe (moderately wounded, very poisoned, 64% to hit)
The sting misses the frilled lizard.
The sting misses Sigmund.
You kill the frilled lizard!
Sigmund hits you from afar with a +0 scythe.
* * * LOW HITPOINT WARNING * * *
The endoplasm closely misses you.
Unknown command.
Casting: Sting (safe; 8% risk of failure)
Confirm with . or Enter, or press ? or * to list all spells.
You don't have enough magic to cast this spell.
Unknown command.
The endoplasm freezes you.
You are frozen.
* * * LOW HITPOINT WARNING * * *
Sigmund barely misses you. The endoplasm hits you.
You die...

#.. #.. .# ##.. #.#
#... ... #<.. ..#
#... #.# ###..###.#
#...J@...#
#..@.....#######
#...............#
.......##.######.#
.................##
..................#
.###...##.#.###..#
#..............#
##...##.#.###..#


You could see Sigmund (very poisoned) and an endoplasm.

Vanquished Creatures
  3 endoplasms (D:1)
  2 giant cockroaches (D:1)
  A goblin (D:1)
  4 hobgoblins (D:1)
  2 ball pythons (D:1)
  A bat (D:1)
  4 frilled lizards
17 creatures vanquished.

Notes
Turn   | Place    | Note
-------+----------+-------------------------------------------
     0 | D:1      | Malachi the Naga Venom Mage began the quest for the Orb.
     0 | D:1      | Reached XP level 1. HP: 15/15 MP: 3/3
   293 | D:1      | Reached XP level 2. HP: 17/22 MP: 0/5
  1079 | D:2      | Noticed Sigmund
  1080 | D:2      | Gained mutation: You are agile. (Dex +2) [potion of
                  | mutation]
  1080 | D:2      | Gained mutation: You have a pair of small horns on your
                  | head. [potion of mutation]
  1083 | D:2      | Lost mutation: You have a pair of small horns on your head.
                  | [potion of mutation]
  1083 | D:2      | Lost mutation: You are agile. (Dex +2) [potion of mutation]
  1083 | D:2      | Gained mutation: You are dopey. (Int -2) [potion of
                  | mutation]
  1091 | D:2      | Slain by an endoplasm

Illustrated notes

Levels and vault maps discovered:
D:1:      minmay_arrival_four_houses, layout_basic
D:2:      layout_basic, chequers_ecumenical_altar_lobes, uniq_sigmund,
          uniq_terence

Action                   || total
-------------------------++-------
Melee: Short sword       ||     4
 Cast: Sting             ||    26
 Abil: Spit Poison       ||     6
  Use: Potion            ||     3
Armor: Robe              ||     2
Dodge: Dodged            ||    11
